 Dungeon Crawl Stone Soup version 0.27-a0-249-g74f53ef629 (webtiles) character file.

Game seed: 2861875062926977906

6157 Borgoz the Carver (level 10, -14/88 HPs)
             Began as a Ghoul Gladiator on Feb 3, 2021.
             Was an Initiate of Makhleb.
             Demolished by a two-headed ogre
             ... wielding a +0 giant club
              (18 damage)
             ... on level 9 of the Dungeon.
             The game lasted 00:13:27 (12035 turns).

Borgoz the Carver (Ghoul Gladiator)                Turns: 12035, Time: 00:13:27

Health: -14/88     AC: 15    Str: 19    XL:     10   Next: 90%
Magic:  9/9        EV: 11    Int:  3    God:    Makhleb [......]
Gold:   408        SH:  0    Dex: 13    Spells: 9/9 levels left

rFire    + . .     SeeInvis +   a - +1 long sword
rCold    + . .     Faith    .   (no shield)
rNeg     + + +     Spirit   .   j - +2 chain mail {rF+}
rPois    ∞         Reflect  .   c - +0 helmet
rElec    .         Harm     .   (no cloak)
rCorr    .         Rampage  .   i - +0 pair of gloves
Will     .....                  (no boots)
Stlth    ..........             (no amulet)
HPRegen  0.00/turn              b - ring of see invisible
MPRegen  0.11/turn              (no ring)

@: no status effects
A: claws 1, cold resistance 1, negative energy resistance 3, inhibited
regeneration, torment resistance, unbreathing
a: Renounce Religion


You were on level 9 of the Dungeon.
You worshipped Makhleb.
Makhleb was noncommittal.
You visited 2 branches of the dungeon, and saw 10 of its levels.
You also visited: Sewer and Ossuary.

You collected 408 gold pieces.

Inventory:

Hand Weapons
 a - a +1 long sword (weapon)
 D - a +0 great sword
Missiles
 q - 3 throwing nets (quivered)
Armour
 c - a +0 helmet (worn)
 i - a +0 pair of gloves (worn)
 j - a +2 chain mail of fire resistance (worn)
Jewellery
 b - a ring of see invisible (left hand)
 k - an uncursed ring of ice
Wands
 r - a wand of flame (41)
 C - a wand of iceblast (10)
 E - a wand of mindburst (10)
Scrolls
 e - 4 scrolls of identify
 g - 6 scrolls of remove curse
 l - a scroll of torment
 o - 4 scrolls of magic mapping
 s - 2 scrolls of silence
 u - a scroll of enchant weapon
 v - 3 scrolls of teleportation
 x - a scroll of fog
 y - a scroll of fear
 A - a scroll of enchant armour
 B - a scroll of brand weapon
Potions
 d - 4 potions of heal wounds
 f - 6 potions of brilliance
 h - 2 potions of cancellation
 m - 2 potions of flight
 n - a potion of resistance
 p - 2 potions of haste
 t - 8 potions of curing
 w - a potion of might
 z - a potion of ambrosia


   Skills:
 + Level 7.9 Fighting
 * Level 9.6 Long Blades
 - Level 1.7 Throwing
 * Level 6.7 Armour
 * Level 7.4 Dodging


You had 9 spell levels left.
You didn't know any spells.
Your spell library contained the following spells:

 Spells                   Type           Power        Failure   Level
 Animate Skeleton         Necr           0%           99%         1
 Pain                     Necr           0%           99%         1
 Vampiric Draining        Necr           0%           100%        3
 Animate Dead             Necr           0%           100%        4
 Agony                    Necr           0%           100%        5
 Beastly Appendage        Tmut           Unusable     N/A         1
 Wereblood                Tmut           Unusable     N/A         2
 Spider Form              Tmut/Pois      Unusable     N/A         3
 Ice Form                 Ice/Tmut       Unusable     N/A         4
 Blade Hands              Tmut           Unusable     N/A         5

Dungeon Overview and Level Annotations

Branches:
Dungeon (9/15)             Temple (1/1) D:4            Lair (0/6) D:8
  Sewer (visited)         Ossuary (visited)
    Orc: D:9-12

Altars:
Ashenzari
Cheibriados
Dithmenos
Elyvilon
Fedhas
Gozag
Hepliaklqana
Makhleb
Nemelex Xobeh
Okawaru
Qazlal
Ru
Sif Muna
Trog
Uskayaw
Vehumet
Wu Jian
Xom
Yredelemnul
Zin
The Shining One
Lugonu

Shops:
D:5 =

Portals:
Abyss: D:4


Innate Abilities, Weirdness & Mutations

You thrive by killing the living.
You are immune to poison.
You have sharp fingernails.
Your flesh is cold resistant. (rC+)
You are immune to negative energy. (rN+++)
You do not regenerate when monsters are visible.
You are immune to unholy pain and torment.
You can survive without breathing.


Message History

The two-headed ogre hits you with a +0 dire flail!
* * * LOW HITPOINT WARNING * * *
You barely miss the two-headed ogre.
The two-headed ogre is heavily wounded.
The two-headed ogre hits you but does no damage.
The two-headed ogre hits you with a +0 dire flail.
* * * LOW HITPOINT WARNING * * *
Your chain mail prevents you from hitting the two-headed ogre.
The two-headed ogre is heavily wounded.
The two-headed ogre hits you with a +0 giant club!!
* * * LOW HITPOINT WARNING * * *
The two-headed ogre hits you but does no damage.
Throw: 4 throwing nets
Press: ? - help, Q - select action, (/) - cycle Shift-Dir - straight line, f - two-headed ogre
Aim: a two-headed ogre, wielding a +0 giant club and a +0 dire flail (heavily wounded, 75% to hit)
You throw a throwing net.
The throwing net barely misses the two-headed ogre.
The throwing net closely misses the ufetubus.
The two-headed ogre hits you with a +0 giant club!!
You die...

...#...######.#......#
.#.#.#........#......#
<#.).#.########......#
.#####.# #......#
.....#.# #......#
.#.#.#.# #....[.#
.#...#.# #......#
###.#### ###'#####
#....# #5O@#
######'#### ##'#######
..........# #......>.#
..........# #........#
..........+ #.?......#
..........# #........#
..........# +........#
..........# #........#
.>........# #........#


You could see a two-headed ogre and an ufetubus.

Vanquished Creatures
  Pikel (D:4)
  The ghost of dmks the Magician, a novice GnWz of Ashenzari (D:6)
  A slime creature (D:8)
  Grinder (D:4)
  Sigmund (D:4)
  2 wyverns
  A vampire (D:9)
  2 wraiths (Ossuary)
  Grum (D:8)
  Menkaure (D:4)
  A water moccasin (D:7)
  Duvessa (D:4)
  3 sky beasts
  2 ogres (D:8)
  A centaur (D:7)
  4 wolves (D:8)
  3 phantoms
  5 big kobolds
  A wyvern zombie (D:8)
  4 bullfrogs
  Dowan (D:4)
  A wyvern skeleton (D:8)
  2 scorpions
  5 killer bees (D:7)
  7 wights
  A howler monkey (D:4)
  A quasit (D:6)
  A bullfrog zombie (D:7)
  A centaur zombie (D:5)
  2 hounds (D:8)
  An orc priest (D:7)
  A bullfrog skeleton (D:7)
  A gnoll shaman (D:7)
  A centaur skeleton (D:6)
  An iguana (D:8)
  Natasha (thrice) (D:3)
  An orc wizard (D:7)
  6 worker ants
  A hound skeleton (D:6)
  A killer bee simulacrum (D:6)
  3 worker ant zombies (D:6)
  A howler monkey zombie (D:6)
  4 gnolls (D:7)
  11 adders
  13 river rats
  A shadow imp (D:7)
  4 white imps
  4 ufetubi
  5 oozes
  2 adder skeletons
  A worm (D:3)
  4 dart slugs
  6 leopard geckos
  11 orcs
  4 ball pythons
  4 giant cockroaches
  4 goblins
  9 hobgoblins
  13 jackals
  35 kobolds
  3 quokkas
  A ball python skeleton (Ossuary)
  6 bats
  3 frilled lizards
  A giant cockroach zombie (D:6)
  3 hobgoblin skeletons (Ossuary)
  2 hobgoblin zombies (Ossuary)
  A jackal zombie (D:5)
  A kobold zombie (Ossuary)
  A leopard gecko zombie (D:7)
  2 orc skeletons (Ossuary)
  An orc zombie (Ossuary)
  A quokka skeleton (D:5)
  26 rats
267 creatures vanquished.

Vanquished Creatures (others)
  A lurking horror (D:4)
1 creature vanquished.

Grand Total: 268 creatures vanquished

Notes
Turn   | Place    | Note
-------+----------+-------------------------------------------
     0 | D:1      | Borgoz the Ghoul Gladiator began the quest for the Orb.
     0 | D:1      | Reached XP level 1. HP: 17/17 MP: 0/0
     1 | D:1      | Found a runed translucent door.
   100 | D:1      | Reached XP level 2. HP: 25/25 MP: 1/1
   108 | D:1      | Reached skill level 3 in Long Blades
   933 | D:1      | Reached XP level 3. HP: 30/30 MP: 2/2
   947 | D:1      | Reached skill level 1 in Armour
  1153 | D:2      | Reached XP level 4. HP: 37/37 MP: 3/3
  2061 | D:3      | Reached XP level 5. HP: 28/45 MP: 4/4
  2203 | D:3      | Found a shimmering blue altar of Sif Muna.
  2303 | D:3      | Noticed Natasha
  2324 | D:3      | Killed Natasha
  2325 | D:3      | Reached skill level 4 in Long Blades
  2521 | D:3      | Noticed Natasha
  2534 | D:3      | Killed Natasha
  2619 | D:3      | Noticed Natasha
  2625 | D:3      | Killed Natasha
  2812 | D:4      | Reached XP level 6. HP: 51/51 MP: 5/5
  2826 | D:4      | Noticed Pikel
  2834 | D:4      | Found a sand-covered staircase.
  2844 | Ossuary  | Entered an ossuary
  3257 | Ossuary  | Noticed a flying skull
  3257 | Ossuary  | Noticed a wraith
  3264 | Ossuary  | Noticed a flying skull
  3266 | Ossuary  | Noticed a flying skull
  3269 | Ossuary  | Noticed a wraith
  3280 | Ossuary  | Killed a wraith
  3470 | Ossuary  | Noticed a flying skull
  3476 | Ossuary  | Noticed a wraith
  3485 | Ossuary  | Killed a wraith
  3486 | Ossuary  | Reached skill level 5 in Long Blades
  3486 | Ossuary  | Reached XP level 7. HP: 24/59 MP: 6/6
  3670 | Ossuary  | Noticed a flying skull
  3846 | D:4      | Noticed Sigmund
  4006 | D:4      | Noticed Menkaure
  4008 | D:4      | Killed Sigmund
  4015 | D:4      | Killed Menkaure
  4016 | D:4      | Reached XP level 8. HP: 38/67 MP: 7/7
  4140 | D:4      | Killed Pikel
  4141 | D:4      | Reached skill level 5 in Fighting
  4141 | D:4      | Reached skill level 6 in Long Blades
  4503 | D:4      | Found a corrupted altar of Lugonu.
  4504 | D:4      | Found a one-way gate to the infinite horrors of the Abyss.
  4509 | D:4      | Noticed Grinder
  4523 | D:4      | Killed Grinder
  4524 | D:4      | Reached skill level 5 in Dodging
  4615 | D:4      | Noticed Dowan
  4615 | D:4      | Noticed Duvessa
  4639 | D:4      | Killed Duvessa
  4640 | D:4      | Reached skill level 7 in Long Blades
  4640 | D:4      | Reached XP level 9. HP: 70/75 MP: 8/8
  4645 | D:4      | Killed Dowan
  4913 | D:4      | Found a hazy altar of Hepliaklqana.
  5146 | D:4      | Found a staircase to the Ecumenical Temple.
  5248 | Temple   | Entered the Ecumenical Temple
  5464 | D:5      | Entered Level 5 of the Dungeon
  5697 | D:5      | Found Vicutan's Jewellery Emporium.
  6600 | D:6      | Found a glowing drain.
  6644 | Sewer    | Entered a sewer
  7666 | D:6      | Found a runed translucent gate.
  7666 | D:6      | Found a runed translucent gate.
  7670 | D:6      | Found a runed translucent gate.
  7674 | D:6      | Noticed dmks's ghost (novice GnWz)
  7926 | D:6      | Reached skill level 5 in Armour
  8028 | D:6      | Found a bloodstained altar of Trog.
  8028 | D:6      | Found a blossoming altar of Fedhas.
  8271 | D:6      | Reached skill level 8 in Long Blades
  8401 | D:6      | Killed dmks's ghost
  8833 | D:7      | Reached XP level 10. HP: 59/86 MP: 9/9
  9922 | D:7      | Reached skill level 9 in Long Blades
 10267 | Temple   | Became a worshipper of Makhleb the Destroyer
 10462 | D:8      | Found a staircase to the Lair.
 10800 | D:8      | Found an opulent altar of Gozag.
 11112 | D:8      | Found a basalt altar of Yredelemnul.
 11120 | D:8      | Found a broken altar of Ashenzari.
 11127 | D:8      | Found a white marble altar of Elyvilon.
 11135 | D:8      | Found a shadowy altar of Dithmenos.
 11140 | D:8      | Found a snail-covered altar of Cheibriados.
 11147 | D:8      | Found a sparkling altar of Nemelex Xobeh.
 11153 | D:8      | Found a radiant altar of Vehumet.
 11238 | D:8      | Noticed Grum
 11257 | D:8      | Killed Grum
 12013 | D:9      | Noticed a two-headed ogre
 12034 | D:9      | HP: 4/88 [two-headed ogre/+0 giant club (20)]
 12035 | D:9      | Demolished by a two-headed ogre

Illustrated notes

Levels and vault maps discovered:
D:1:      dpeg_arrival_caged_fury, layout_loops_ring
D:2:      layout_basic
D:3:      layout_basic, lemuel_crystal_altar, st_stairs_13, uniq_natasha
D:4:      layout_basic, nzn_hepliaklqana_mist_gate,
          minmay_temple_entry_nine_rooms, nicolae_ossuary_entry_ruins,
          amcnicky_altar_lugonu_corruption, uniq_sigmund, uniq_pikel,
          uniq_menkaure, uniq_duvessa, uniq_grinder
D:5:      layout_basic, serial_shops, shop
D:6:      layout_basic, gammafunk_temple_overflow_elements,
          portal_sewer_entry_a, gammafunk_ghost_necromancy
D:7:      layout_basic
D:8:      layout_basic, grunt_temple_overflow_octagram, old_standard_altar,
          dpeg_oklobed_lair, minmay_three_doors, uniq_grum
D:9:      layout_roguey, lemuel_mausoleum_altar_kikubaaqudgha, orc_0_dummy,
          blue_anna_alchemist [blue_anna_fruit_fields, blue_anna_fruit_fields]
Temple:   nicolae_temple_figure_zero

Skill      XL: |  1  2  3  4  5  6  7  8  9 10 |
---------------+-------------------------------+-----
Long Blades    | 3 4 5 7 8 9 |  9.6
Armour         | 1 2 3 4 5 6 |  6.7
Dodging        | 3 4 5 6 7 |  7.4
Fighting       | 3 4 5 7 |  7.9
Throwing       | |  1.7

Action                   |  1- 3 |  4- 6 |  7- 9 | 10-12 || total
-------------------------+-------+-------+-------+-------++-------
Melee: Long sword        |    68 |   152 |   481 |   400 ||  1101
Throw: Throwing net      |       |     4 |     1 |     1 ||     6
  Use: Scroll            |     2 |    11 |    10 |     4 ||    27
       Potion            |       |     2 |     5 |     1 ||     8
 Stab: Held in net/web   |       |     2 |       |       ||     2
Armor: Leather armour    |    21 |    43 |     5 |       ||    69
       Chain mail        |       |       |   373 |   205 ||   578
Dodge: Dodged            |    68 |   102 |   323 |   215 ||   708
       Rpst.: Long sword |    29 |    42 |   104 |    55 ||   230

Table legend: (Time is in decaauts)
 A = Elapsed time spent in this place.
 B = Non-inter-level travel time spent in this place.
 C = Inter-level travel time spent in this place.
 D = Time resting spent in this place.
 E = Time spent auto-exploring this place.
 F = Levels seen in this place.
 G = Mean time per level.
                   A        B        C        D        E       F      G
               +--------+--------+--------+--------+--------+-----+--------+
         Total |  12081 |  11593 |    488 |   2546 |   6847 |  12 | 1006.8 |
       Dungeon |  10188 |   9730 |    458 |   1672 |   6389 |   9 | 1132.0 |
        Temple |    144 |    115 |     29 |      0 |    113 |   1 |  144.0 |
         Sewer |    748 |    748 |      0 |    184 |    298 |   1 |  748.0 |
       Ossuary |    999 |    999 |      0 |    690 |     46 |   1 |  999.0 |
               +--------+--------+--------+--------+--------+-----+--------+

Top non-repeatable levels by time:
     D:4: 1653 daAuts
     D:7: 1597 daAuts
     D:6: 1437 daAuts
     D:8: 1400 daAuts
     D:3: 1143 daAuts
     D:1: 1134 daAuts
     D:5: 1017 daAuts
 Ossuary: 999 daAuts
   Sewer: 748 daAuts
     D:2: 537 daAuts
     D:9: 266 daAuts
  Temple: 144 daAuts
